Map: Lockdown LE

Players

SLicKcHeeZEE

  • Race: Zerg Zerg
  • League: Bronze

A.I. 1 (Medium) - Winner!

  • Race: Terran Terran

VOD

Have the link to the VOD?

Description

Time

  • Played on: Oct. 7, 2026, 5 p.m.
  • Length: 11:48
Show
View Real Time Build Order
Export as new Build Order

SLicKcHeeZEE Zerg 

Build Orders: Hatch First, Roach Hydra 

Get SALT Encoding   

  6  0:00  Drone  
  13  0:13  Overlord  
  13  0:16  Drone  
  14  0:31  Drone x2  
  16  0:48  Hatchery  
  15  0:51  Drone  
  15  0:56  Drone  
  17  1:11  Spawning Pool  
  17  1:13  Drone  
  17  1:17  Drone, Extractor  
  17  1:20  Drone  
  18  1:31  Drone  
  19  1:44  Overlord  
  19  1:59  Queen  
  19  2:00  Queen  
  23  2:01  Zergling x2  
  23  2:02  Drone  
  23  2:04  Drone  
  26  2:11  Drone  
  27  2:17  Overlord, Extractor  
  26  2:27  Roach Warren  
  25  2:37  Lair  
  25  2:46  Drone x3  
  28  3:09  Roach x2  
  28  3:10  Roach x2, Overlord  
  36  3:20  Queen  
  38  3:37  Hydralisk Den  
  38  3:38  Overlord  
  38  3:41  Drone x2  
  39  3:45  Drone x2  
  41  3:50  Drone  
  42  4:07  Hydralisk x2  
  42  4:08  Hydralisk  
  48  4:13  Hydralisk  
  50  4:18  Overlord  
  50  4:27  Grooved Spines  
  50  4:37  Glial Reconstitution  
  50  4:41  Extractor  
  50  4:43  Drone x2  
  50  4:45  Drone x4  
  53  4:46  Drone  
  56  5:08  Drone x2  
  56  5:09  Drone  
  59  5:15  Evolution Chamber  
  59  5:16  Evolution Chamber  
  57  5:30  Muscular Augments  
  57  5:31  Hatchery  
  57  5:33  Overlord  
  56  5:36  Roach  
  56  5:37  Roach, Hydralisk  
  56  5:40  Hydralisk  
  64  6:02  Extractor, Drone x3  
  66  6:06  Zerg Missile Weapons Level 1  
  66  6:07  Zerg Ground Armor Level 1  
  66  6:08  Drone x2  
  66  6:10  Drone  
  69  6:12  Drone  
  69  6:17  Overlord  
  70  6:35  Queen  
  70  6:39  Hydralisk x2, Roach x3  
  82  7:02  Hydralisk, Roach x3  
  90  7:12  Overlord x2  
  90  7:24  Overlord  
  90  7:30  Queen x3  
  90  7:31  Drone x5  
  101  7:42  Metabolic Boost  
  101  7:45  Overlord x2  
  101  7:50  Zergling x2  
  101  7:51  Zergling x6  
  105  7:57  Baneling Nest  
  104  8:30  Zerg Missile Weapons Level 2, Zerg Ground Armor Level 2  
  104  8:32  Hydralisk x6  
  104  8:33  Hydralisk x2  
  120  8:38  Drone  
  121  9:03  Hydralisk x3  
  121  9:04  Roach  
  121  9:05  Overlord x4  
  129  9:15  Overseer  
  129  9:29  Spore Crawler  
  129  9:31  Drone x4  
  131  9:32  Spore Crawler  
  131  9:33  Spore Crawler  
  131  9:34  Drone x2  
  131  9:35  Overlord  
  132  9:45  Hydralisk x2  
  132  9:46  Hydralisk x2  
  132  9:47  Roach x2  
  132  9:48  Roach x3  
  132  9:52  Zergling x6  
  153  10:32  Zergling x14  
  153  10:33  Zergling x4  
Show
View Real Time Build Order
Export as new Build Order

A.I. 1 (Medium) Terran - Winner!

Build Orders:  

Get SALT Encoding   

  6  0:00  SCV  
  13  0:13  SCV  
  14  0:18  Supply Depot  
  14  0:25  SCV  
  15  0:39  SCV  
  16  0:43  Barracks  
  16  0:52  SCV  
  17  1:04  SCV  
  18  1:16  Command Center  
  18  1:32  Orbital Command, Marine  
  19  1:37  Supply Depot  
  19  1:46  Refinery  
  19  1:50  Marine  
  20  1:57  SCV  
  20  1:59  Barracks  
  21  2:07  Refinery  
  21  2:09  SCV  
  22  2:24  SCV  
  23  2:30  Marine  
  24  2:37  SCV  
  25  2:44  Factory  
  25  2:48  Barracks Tech Lab  
  25  2:54  Refinery  
  25  3:00  Refinery  
  25  3:07  SCV, Marauder  
  25  3:10  SCV  
  29  3:13  Barracks Tech Lab  
  29  3:19  SCV  
  30  3:22  SCV  
  31  3:30  Hellion  
  31  3:31  SCV  
  31  3:32  Factory  
  34  3:34  SCV  
  35  3:49  Marine, Supply Depot  
  35  3:52  Factory Tech Lab  
  36  3:59  SCV  
  36  4:02  SCV  
  38  4:09  Marauder  
  40  4:11  SCV  
  40  4:14  SCV, Supply Depot  
  40  4:16  Factory Tech Lab  
  42  4:23  SCV  
  43  4:26  SCV  
  43  4:28  Siege Tank  
  47  4:35  SCV  
  48  4:38  SCV  
  48  4:45  Supply Depot  
  49  4:47  Marine, SCV  
  49  4:50  SCV  
  52  4:59  SCV  
  53  5:06  SCV, Marine  
  55  5:09  Supply Depot  
  55  5:11  SCV  
  56  5:18  SCV  
  57  5:26  Marine  
  58  5:31  SCV  
  58  5:32  Starport  
  58  5:35  SCV  
  60  5:36  Supply Depot  
  60  5:43  SCV  
  60  5:45  Marine  
  62  5:50  Engineering Bay  
  62  5:58  SCV  
  62  6:00  Supply Depot  
  62  6:01  SCV  
  64  6:05  Marauder  
  64  6:08  Starport Tech Lab  
  64  6:10  SCV  
  67  6:13  SCV  
  67  6:17  Missile Turret  
  68  6:19  Missile Turret  
  68  6:20  Armory  
  68  6:22  SCV  
  68  6:24  Sensor Tower, Siege Tank  
  68  6:25  SCV, Missile Turret  
  73  6:28  Raven  
  73  6:31  Barracks  
  75  6:34  SCV, Supply Depot  
  75  6:36  Missile Turret  
  76  6:40  Bunker  
  76  6:44  Marauder  
  78  7:02  Raven  
  78  7:03  Cyclone  
  83  7:19  Barracks Reactor  
  83  7:36  Viking  
  84  10:12  Medivac, Marine, Combat Shield  
  87  10:18  Marine  
  87  10:20  Starport  
  88  10:22  Supply Depot, Command Center  
  88  10:27  Ghost Academy  
  88  10:33  Fusion Core  
  88  10:40  Engineering Bay  
  88  10:42  Medivac  
  90  10:48  Armory, Marine  
  80  10:54  Marauder  
  80  10:56  Starport Tech Lab  
  63  10:59  Marine  
  64  11:06  Marauder  
  64  11:10  Marine  
  64  11:12  Raven  
  64  11:17  Marauder  
  70  11:22  Marine  
  70  11:28  Marine  
Tags
 
Composition
Roach Hydra
League
Bronze
Matchup
TvZ
Add a new tag
Caveats
  • Supply blocks, unpowered buildings, or Contaminate may cause inaccurate times.
  • Supply counts are checked every 10 seconds.